 Dungeon Crawl Stone Soup version 0.31-a0-840-g6d2ecbb (webtiles) character file.

Game seed: 349632821128858841

41458 PublicAnimeNo1 the Grappler (level 14, -2/157 HPs)
             Began as an Ogre Shapeshifter on Sept 27, 2023.
             Was a Follower of Yredelemnul.
             Slain by an elephant (11 damage)
             ... on level 4 of the Lair of Beasts.
             The game lasted 00:38:48 (23421 turns).

PublicAnimeNo1 the Grappler (Ogre Shapeshifter)    Turns: 23421, Time: 00:38:48

Health: -2/157     AC:  6    Str: 29    XL:     14   Next: 15%
Magic:  20/20      EV: 11    Int: 14    God:    Yredelemnul [*.....]
Gold:   468        SH:  0    Dex: 10    Spells: 13/13 levels left

rFire   . .          .
                       - Unarmed
rCold   . . .        (shield currently unavailable)
rNeg    . . .        a - +0 animal skin
rPois   +            b - +0 hat {Will+}
rElec   .            n - +2 cloak
rCorr   .            (gloves unavailable)
SInv    .            (boots unavailable)
Will    ++...        K - amulet of regeneration
Stlth   +            P - ring "Feigiss" {rPois Str+6 Int+3}
HPRegen 1.26/turn    (no ring)
MPRegen 0.17/turn

%: no passive effects
@: flux-form, glowing
A: glow, contaminating, large, unfitting armour, tough skin 1
a: Begin Untransformation, Renounce Religion, Recall Undead Harvest


You were on level 4 of the Lair of Beasts.
You worshipped Yredelemnul.
Yredelemnul was aware of your devotion.
You were something dangerously unstable.
You visited 2 branches of the dungeon, and saw 17 of its levels.
You also visited: Sewer, Ossuary and Volcano.

You collected 1104 gold pieces.
You spent 636 gold pieces at shops.

Inventory:

Hand Weapons
 U - a +2 arbalest of flaming
Missiles
 q - a throwing net
Armour
 a - a +0 animal skin (worn)
 b - a +0 hat of willpower (worn)
 n - a +2 cloak (worn)
Jewellery
 g - a +6 ring of intelligence
 i - a ring of protection from cold
 p - an amulet of guardian spirit
 r - an amulet of magic regeneration
 G - a ring of wizardry
 K - an amulet of regeneration (around neck)
 M - an amulet of the acrobat
 P - the ring "Feigiss" (left hand) {rPois Str+6 Int+3}
   (You bought it in a shop on level 11 of the Dungeon)

   [ring of strength]

   Str+6:     It affects your strength (+6).
   Int+3:     It affects your intelligence (+3).
   rPois:     It protects you from poison
 V - a ring of magical power
Talismans
 c - a beast talisman
 d - a flux talisman (active)
Wands
 s - a wand of flame (16) (quivered)
 y - a wand of digging (7)
 z - a wand of roots (10)
 D - a wand of polymorph (10)
 I - a wand of quicksilver (1)
 J - a wand of paralysis (10)
 N - a wand of mindburst (13)
Scrolls
 f - 5 scrolls of poison
 k - 5 scrolls of amnesia
 A - a scroll of silence
 B - 4 scrolls of teleportation
 C - 5 scrolls of fear
 E - 3 scrolls of blinking
 F - 3 scrolls of enchant armour
 H - 4 scrolls of fog
 L - 2 scrolls of revelation
 R - a scroll of brand weapon
 S - 2 scrolls of immolation
 T - 8 scrolls of identify
Potions
 e - 2 potions of attraction
 h - 2 potions of mutation
 j - 2 potions of ambrosia
 l - 4 potions of invisibility
 m - 5 potions of curing
 o - a potion of cancellation {unknown}
 t - a potion of lignification
 u - a potion of magic
 v - 4 potions of brilliance
 w - 2 potions of haste
 x - 2 potions of might
 O - 2 potions of enlightenment
 Q - a potion of heal wounds


   Skills:
 + Level 14.3 Fighting
 + Level 6.5 Dodging
 + Level 14.4 Unarmed Combat
 + Level 8.8 Invocations
 + Level 10.6 Shapeshifting


You had 13 spell levels left.
You didn't know any spells.
Your spell library contained the following spells:

 Spells                   Type           Power      Damage    Failure   Level
 Foxfire                  Conj/Fire      0%         2x1d4     28%         1
 Freeze                   Ice            0%         1d3       28%         1
 Slow                     Hex            0%         N/A       28%         1
 Sting                    Tmut/Pois      0%         1d3       28%         1
 Blink                    Tloc           0%         N/A       41%         2
 Poisonous Vapours        Pois/Air       0%         N/A       41%         2
 Scorch                   Fire           0%         2d5       41%         2
 Sublimation of Blood     Necr           0%         N/A       41%         2
 Wereblood                Tmut           0%         N/A       41%         2
 Confusing Touch          Hex            0%         N/A       65%         3
 Inner Flame              Hex/Fire       0%         N/A       65%         3
 Mephitic Cloud           Conj/Pois/Air  0%         N/A       65%         3
 Sigil of Binding         Hex            0%         N/A       65%         3
 Stone Arrow              Conj/Erth      0%         3d7       65%         3
 Vampiric Draining        Necr           0%         2d6       65%         3
 Animate Armour           Summ/Erth      0%         N/A       96%         4
 Flame Wave               Conj/Fire      0%         2d4       96%         4
 Leda's Liquefaction      Hex/Erth       0%         N/A       96%         4
 Manifold Assault         Tloc           0%         N/A       96%         4
 Olgreb's Toxic Radiance  Pois           0%         N/A       96%         4
 Passage of Golubria      Tloc           0%         N/A       96%         4
 Freezing Cloud           Conj/Ice/Air   0%         6-21      100%        5
 Irradiate                Conj/Tmut      0%         3d11      100%        5
 Lee's Rapid Deconstruct  Erth           0%         3d4*      100%        5
 Metabolic Englaciation   Hex/Ice        0%         N/A       100%        5
 Silence                  Hex/Air        0%         N/A       100%        5
 Yara's Violent Unravell  Hex/Tmut       0%         3d3       100%        5
 Bombard                  Conj/Erth      0%         9d1       100%        6
 Plasma Beam              Fire/Air       0%         2x1d10    100%        6
 Starburst                Conj/Fire      0%         6d3       100%        6
 Summon Cactus Giant      Summ           0%         N/A       100%        6
 Enfeeble                 Hex            0%         N/A       100%        7
 Ozocubu's Refrigeration  Ice            0%         4d7       100%        7
 Summon Hydra             Summ           0%         N/A       100%        7
 Discord                  Hex            0%         N/A       100%        8
 Ignition                 Fire           0%         3d3       100%        8
 Lehudib's Crystal Spear  Conj/Erth      0%         10d2      100%        8
 Animate Dead             Necr           Unusable   N/A       N/A         4

Dungeon Overview and Level Annotations

Branches:
Dungeon (13/15)            Temple (0/1) D:6            Lair (4/5) D:11
  Swamp (0/4) Lair:3        Snake (0/4) Lair:2          Orc (0/2) D:9
  Sewer (visited)         Ossuary (visited)         Volcano (visited)
  Slime: Lair:4-5    Vaults: D:13-14

Altars:
Cheibriados
Dithmenos
Elyvilon
Fedhas
Gozag
Kikubaaqudgha
Makhleb
Nemelex Xobeh
Uskayaw
Wu Jian
Xom
Yredelemnul
Zin

Shops:
D:9 !   D:11 [(!=

Annotations:
D:6 2 runed translucent doors, Ozzieoiler's ghost, novice DrCA


Innate Abilities, Weirdness & Mutations

You are something dangerously unstable.
You glow with magical radiation, making you easy to see and hit.
Foes you strike become dangerously contaminated with magical radiation.
You are incapable of wielding weapons or throwing items.
You are too large for most types of armour.
You have tough skin. (AC +1)


Message History

You hold your ground!
The elephant trunk-slaps you but does no damage.
The elephant tramples you!
* * * LOW HITPOINT WARNING * * *
You hold your ground!
The elephant trunk-slaps you but does no damage.
You punch the komodo dragon!
The komodo dragon begins to glow.
The komodo dragon is moderately wounded.
The komodo dragon closely misses you. The elephant tramples you!
* * * LOW HITPOINT WARNING * * *
You hold your ground!
The elephant barely misses you. The elephant tramples you!
* * * LOW HITPOINT WARNING * * *
You hold your ground!
The elephant closely misses you.
You punch the komodo dragon!
The komodo dragon glows dangerously bright.
The komodo dragon is heavily wounded.
The komodo dragon barely misses you. The elephant tramples you!
* * * LOW HITPOINT WARNING * * *
You hold your ground!
The elephant closely misses you.
The elephant tramples you but does no damage.
The elephant trunk-slaps you but does no damage.
You punch the komodo dragon!
The komodo dragon shudders as magic cascades through it!!
You kill the komodo dragon!
The dead are walking!
You feel much better. The elephant tramples you!
* * * LOW HITPOINT WARNING * * *
You hold your ground!
The elephant closely misses you. The elephant barely misses you.
The elephant trunk-slaps you but does no damage.
You hit the elephant.
The elephant begins to glow.
The elephant is lightly wounded.
The elephant tramples you!
* * * LOW HITPOINT WARNING * * *
You hold your ground!
The elephant trunk-slaps you but does no damage.
The elephant tramples you!
You die...
Your body rises from the dead as a mindless zombie.

## ##
####
#.##.#
...#..#.#
#......#
......
...##
##Y.P#
#p<.#
#PY.#
#..Z#
#..##
##^. #..#
#.## ..#


You could see 2 elephants and a friendly komodo dragon zombie.

Vanquished Creatures
  Gastronok (D:8)
  A hydra (Lair:2)
  A two-headed ogre (D:10)
  A centaur warrior (D:13)
  Urug (D:13)
  Amaemon (Lair:1)
  Nergalle (Lair:1)
  An orc knight (D:12)
  An ugly thing (D:11)
  3 cyclopes (D:13)
  6 black mambas
  11 elephants
  An orange demon (Lair:1)
  3 gargoyles (D:11)
  A rime drake (Lair:2)
  6 cane toads
  An unseen horror (D:13)
  Maggie (D:10)
  An efreet (Volcano)
  4 komodo dragons
  2 trolls
  A shadow (D:12)
  6 blink frogs
  3 wraiths
  9 wyverns
  33 yaks
  3 fire elementals (Volcano)
  A vampire (D:12)
  2 fire bats (Lair:2)
  3 basilisks
  11 vampire mosquitoes
  2 steam dragons
  3 nagas (Lair:2)
  9 water moccasins
  2 black bears
  An ice beast (D:7)
  Pargi (Sewer)
  8 orc warriors
  A sky beast (D:7)
  An ogre (D:6)
  5 wolves (Lair:3)
  A centaur (D:13)
  3 kobold brigands
  2 gnoll sergeants
  5 bullfrogs
  3 scorpions
  12 wights (D:8)
  12 killer bees
  8 howler monkeys
  2 electric eels
  4 jellies
  A gnoll bouda (D:7)
  4 hounds
  4 orc priests
  3 sleepcaps
  2 iguanas
  6 orc wizards
  A mummy (Ossuary)
  11 gnolls
  13 adders
  3 shadow imps
  4 white imps
  3 ufetubi
  A worm (D:2)
  3 dart slugs
  35 orcs
  6 ball pythons
  7 bats
  5 endoplasms
  8 giant cockroaches
  12 gnoll zombies (Ossuary)
  3 hobgoblins
  6 jackals
  5 quokkas
  3 bat simulacra (Ossuary)
  3 frilled lizards (Sewer)
  3 goblins
  3 goblin simulacra (Ossuary)
  5 goblin zombies (Ossuary)
  7 hobgoblin zombies (Ossuary)
  21 kobolds
  6 kobold simulacra (Ossuary)
  5 kobold zombies (Ossuary)
  An orc zombie (Ossuary)
  8 rats
  3 rat simulacra (Ossuary)
  3 spectral goblins (Ossuary)
  8 spectral kobolds (Ossuary)
431 creatures vanquished.

Vanquished Creatures (collateral kills)
  3 elephants
  2 cyclopes (D:12)
  An unseen horror (shapeshifter) (D:12)
  A cane toad (Lair:3)
  A rime drake (Lair:2)
  An unseen horror (D:10)
  A komodo dragon (Lair:1)
  An efreet (Volcano)
  A troll (D:9)
  4 blink frogs
  A wyvern (Lair:3)
  7 yaks
  Grum (Lair:1)
  A fire elemental (Volcano)
  A vampire mosquito (D:10)
  2 wargs (D:9)
  3 water moccasins
  3 wolves
  A centaur (D:13)
  A kobold brigand (D:7)
  A bullfrog (Lair:1)
  A wight (D:8)
  A killer bee (D:10)
  2 howler monkeys
  An electric eel (Lair:2)
  An orc priest (D:9)
  An orc wizard (D:12)
  4 gnolls
  A dart slug (D:1)
  9 orcs
  2 ball pythons
  An endoplasm (D:4)
  3 goblins
  A jackal (D:4)
  5 kobolds
  3 frilled lizards (Sewer)
74 creatures vanquished.

Vanquished Creatures (others)
  An unseen horror zombie (D:13)
  2 fire bat zombies (Lair:2)
  2 spectral efreet (Volcano)
  5 elephant zombies (Lair:2)
  A blink frog zombie (Lair:2)
  3 vampire mosquito zombies (D:12)
  2 rime drake zombies (Lair:2)
  A komodo dragon zombie (Lair:2)
  A water moccasin zombie (D:11)
  A troll zombie (D:12)
  7 yak zombies
  2 wolf zombies
  2 killer bee zombies (D:10)
  A hound zombie (D:7)
  4 howler monkey zombies
  A jelly zombie (D:6)
  A spectral shadow imp (D:6)
  A spectral white imp (D:6)
  An adder zombie (Sewer)
  A bat zombie (D:1)
  2 gnoll zombies (D:11)
  2 frilled lizard zombies (Sewer)
  A hobgoblin zombie (D:4)
  2 jackal zombies (D:4)
  4 kobold zombies
  18 orc zombies
  2 spectral ufetubi
71 creatures vanquished.

Grand Total: 576 creatures vanquished

Notes
Turn   | Place    | Note
-------+----------+-------------------------------------------
     0 | D:1      | PublicAnimeNo1 the Ogre Shapeshifter began the quest for
                  | the Orb.
     0 | D:1      | Reached XP level 1. HP: 19/19 MP: 1/1
    59 | D:1      | Reached XP level 2. HP: 24/28 MP: 2/2
   117 | D:1      | Found a faded altar of an unknown god.
   187 | D:1      | Prayed at the altar of an unknown god.
   187 | D:1      | Became a worshipper of Yredelemnul the Dark
   187 | D:1      | Reached * piety under Yredelemnul
   421 | D:1      | Reached XP level 3. HP: 28/35 MP: 3/3
   424 | D:1      | Reached ** piety under Yredelemnul
   726 | D:2      | Reached XP level 4. HP: 26/44 MP: 4/4
  2382 | D:3      | Noticed a scorpion
  2389 | D:3      | Killed a scorpion
  2390 | D:3      | Reached XP level 5. HP: 43/53 MP: 2/5
  2523 | D:4      | Identified the +4 rapier "Puckuwn" {heavy, rElec}
  2918 | D:4      | Reached XP level 6. HP: 44/62 MP: 6/6
  3207 | D:4      | Reached skill level 5 in Unarmed Combat
  3237 | D:4      | Reached *** piety under Yredelemnul
  3444 | D:4      | Found a shadowy altar of Dithmenos.
  3521 | D:5      | Entered Level 5 of the Dungeon
  3533 | D:5      | Got a strange book
  3571 | D:5      | Found a glowing drain.
  3631 | Sewer    | Entered a sewer
  3664 | Sewer    | Noticed Pargi
  3674 | Sewer    | Killed Pargi
  3675 | Sewer    | Reached XP level 7. HP: 27/71 MP: 7/7
  3959 | D:5      | Reached skill level 5 in Fighting
  4010 | D:5      | Found a shimmering altar of Xom.
  4013 | D:5      | Found an ancient bone altar of Kikubaaqudgha.
  4564 | D:5      | Found an opulent altar of Gozag.
  4807 | D:5      | Found a snail-covered altar of Cheibriados.
  5167 | D:6      | Found a staircase to the Ecumenical Temple.
  5426 | D:6      | Reached skill level 5 in Shapeshifting
  5426 | D:6      | Reached XP level 8. HP: 83/83 MP: 8/8
  5524 | D:6      | Found a large runed translucent door.
  5525 | D:6      | Found a large runed translucent door.
  5531 | D:6      | Noticed Ozzieoiler's ghost (novice DrCA)
  5591 | D:6      | Found a glowing silver altar of Zin.
  8123 | D:7      | Reached XP level 9. HP: 71/93 MP: 9/9
  8489 | D:7      | Found a burning altar of Makhleb.
  8581 | D:7      | Found a hide-covered altar of Uskayaw.
  8602 | D:7      | Identified a scroll of acquirement
  8602 | D:7      | Acquired an amulet of guardian spirit
  9510 | D:8      | Found a sand-covered staircase.
  9511 | D:8      | Identified the +3 long sword "Qackicw" {distort, rC+++
                  | Str+2 Int-5 SInv}
  9537 | D:8      | Noticed Gastronok
  9555 | D:8      | Killed Gastronok
  9556 | D:8      | Reached XP level 10. HP: 56/107 MP: 1/10
  9568 | Ossuary  | Entered an ossuary
 10572 | D:8      | Reached skill level 10 in Unarmed Combat
 11745 | D:8      | Reached skill level 10 in Fighting
 12381 | D:9      | Reached skill level 1 in Invocations
 12901 | D:9      | Found an ornate altar of the Wu Jian Council.
 12937 | D:9      | Reached XP level 11. HP: 84/119 MP: 5/12
 13120 | D:9      | Found Jeuraixt's Distillery.
 13135 | D:9      | Reached **** piety under Yredelemnul
 13406 | D:9      | Found a sparkling altar of Nemelex Xobeh.
 13770 | D:9      | Found a staircase to the Orcish Mines.
 14106 | D:9      | Reached ***** piety under Yredelemnul
 14132 | D:10     | Entered Level 10 of the Dungeon
 14331 | D:10     | Noticed a two-headed ogre
 14342 | D:10     | Killed a two-headed ogre
 14740 | D:10     | Noticed Maggie
 14760 | D:10     | Killed Maggie
 15311 | D:10     | Found a blossoming altar of Fedhas.
 15483 | D:11     | Found Agiseadd's Jewellery Boutique.
 15483 | D:11     | Found Mytych's Weapon Emporium.
 15494 | D:11     | Bought the ring "Feigiss" {rPois Str+6 Int+3} for 588 gold
                  | pieces
 15675 | D:11     | You fall into a shaft and drop 1 floor!
 15816 | D:12     | Noticed a cyclops
 15832 | D:12     | Killed a cyclops
 16100 | D:12     | Reached XP level 12. HP: 116/131 MP: 12/15
 16106 | D:12     | Reached skill level 5 in Invocations
 17389 | D:13     | Found a white marble altar of Elyvilon.
 17590 | D:13     | Noticed a centaur warrior
 17598 | D:13     | Noticed Urug
 17606 | D:13     | Killed a centaur warrior
 17616 | D:13     | Killed Urug
 17627 | D:13     | Noticed a boulder beetle
 17631 | D:13     | Your ally Urug died
 18027 | D:11     | Found Cuomet's Antique Armour Boutique.
 18216 | D:11     | Found Noibodac's Distillery.
 18233 | D:11     | Bought a potion of might for 48 gold pieces
 18821 | D:11     | Found a staircase to the Lair.
 19359 | Lair:1   | Entered Level 1 of the Lair of Beasts
 19596 | Lair:1   | Noticed Amaemon
 19621 | Lair:1   | Killed Amaemon
 19815 | Lair:1   | Noticed Nergalle
 19824 | Lair:1   | Killed Nergalle
 19825 | Lair:1   | Reached XP level 13. HP: 144/144 MP: 15/18
 19884 | Lair:1   | Noticed Grum
 19895 | Lair:1   | Killed Grum
 20604 | Lair:2   | Reached skill level 5 in Dodging
 20938 | Lair:2   | Reached skill level 10 in Shapeshifting
 21292 | Lair:2   | Reached ****** piety under Yredelemnul
 21863 | Lair:2   | Found a staircase to the Snake Pit.
 22191 | Lair:3   | Found a staircase to the Swamp.
 22292 | Lair:3   | Reached XP level 14. HP: 124/156 MP: 20/20
 22341 | Lair:3   | Found a dark tunnel.
 22350 | Volcano  | Entered a volcano
 23418 | Lair:4   | HP: 1/157 [elephant (15)]
 23421 | Lair:4   | Slain by an elephant

Illustrated notes

Levels and vault maps discovered:
D:1:      co_arrival_square_in_a_square_in_a_square, layout_rooms,
          dreamdust_ecumenical_altar_grove, minmay_misc_feat_cross
D:2:      layout_basic, kennysheep_donut
D:3:      layout_basic
D:4:      layout_cave_pools, kennysheep_mini
D:5:      layout_loops_ring, lemuel_crystal_altar, grunt_gozag_breadcrumbs,
          nicolae_overflow_squiral, gup_sewer_entry_glass
D:6:      layout_basic, mainiacjoe_overflow_concentric_impassable,
          minmay_temple_entry_drinking_statues, ebering_ghost_disaster_area
D:7:      minmay_evil_eye, layout_cave_pods, bloody_makhleb,
          amcnicky_altar_gilded, serial_column_ruins,
          column_ruins_columns_corner, column_ruins_open_tiny,
          column_ruins_columns_straight, column_ruins_open_small_water,
          column_ruins_corridor_straight, column_ruins_columns_straight,
          nrook_pool_corridor, minmay_alternating_orb
D:8:      layout_layer_cave, lightli_ossuary_entry_decrepit_ruins,
          uniq_gastronok
D:9:      layout_layer_cave, kennysheep_mini_moat,
          mainiacjoe_overflow_cross_hatched, david_orc_1_choice, serial_shops,
          shop, grunt_ministairs_14
D:10:     layout_loops_ring, fedhas_altar_1, uniq_maggie
D:11:     layout_stronghold, minmay_lair_entry_grove, serial_shops,
          nicolae_shop_window_shopping, nicolae_shop_crystal, shop,
          nicolae_shop_gibbet_a_chance
D:12:     layout_loops_ring
D:13:     layout_big_octagon, hangedman_feature_mirror,
          nemelex_xobeh_ov_fountains_minmay, uniq_urug
Lair:1:   layout_concentric_octagons, serial_rivers,
          chequers_serial_rivers_room_a, chequers_serial_rivers_room_b,
          chequers_serial_rivers_micro_a, chequers_serial_rivers_micro_c,
          uniq_nergalle, uniq_amaemon, uniq_grum
Lair:2:   layout_gridlike, nicolae_snake_entry_squirm, grunt_megastairs_5,
          serial_bayou_shore_b, serial_bayou_shore_b
Lair:3:   layout_hall_layers, swamp_mist, nicolae_volcano_entry_two_sided,
          serial_bayou_shore_b
Lair:4:   beast_lair_carwin_large_3, layout_cave_pods, slime_entry_1,
          minmay_stone_trees_large

Skill      XL: |  1  2  3  4  5  6  7  8  9 10 11 12 13 |
---------------+----------------------------------------+-----
Unarmed Combat | 3 4 5 6 7 9 10 12 13 14 | 14.4
Fighting       | 2 3 4 5 7 9 10 11 13 14 | 14.3
Shapeshifting  | 4 5 7 8 9 10 | 10.6
Dodging        | 3 4 6 |  6.5
Invocations    | 2 4 7 8 |  8.8

Action                     |  1- 3 |  4- 6 |  7- 9 | 10-12 | 13-15 || total
---------------------------+-------+-------+-------+-------+-------++-------
  Melee: Unarmed           |    81 |   183 |   275 |   683 |   330 ||  1552
         Punch             |       |     3 |    13 |     2 |       ||    18
 Invoke: Recall Undead Har |       |     5 |     7 |     4 |     3 ||    19
         Dark Bargain      |       |     1 |     1 |     1 |       ||     3
         Drain Life        |       |       |       |       |     2 ||     2
  Evoke: Wand              |       |       |     7 |    11 |     5 ||    23
    Use: Scroll            |       |     8 |    13 |     8 |     5 ||    34
         Potion            |       |       |     6 |     3 |     2 ||    11
   Stab: Distracted        |       |     1 |     4 |     1 |     5 ||    11
 Armour: Animal skin       |    54 |   142 |   217 |   457 |   336 ||  1206
         Skin              |       |       |    83 |    34 |       ||   117
  Dodge: Dodged            |    31 |    85 |   120 |   284 |   160 ||   680
   Form: Flux              |       |       |       |     1 |       ||     1

Table legend: (Time is in decaauts)
 A = Elapsed time spent in this place.
 B = Non-inter-level travel time spent in this place.
 C = Inter-level travel time spent in this place.
 D = Time resting spent in this place.
 E = Time spent auto-exploring this place.
 F = Levels seen in this place.
 G = Mean time per level.
                   A        B        C        D        E       F      G
               +--------+--------+--------+--------+--------+-----+--------+
         Total |  23145 |  22698 |    447 |   6009 |  13196 |  20 | 1157.2 |
       Dungeon |  17924 |  17592 |    332 |   4649 |  10780 |  13 | 1378.8 |
          Lair |   3846 |   3732 |    114 |    667 |   2229 |   4 |  961.5 |
         Sewer |    291 |    291 |      0 |    132 |     38 |   1 |  291.0 |
       Ossuary |    956 |    956 |      0 |    539 |    149 |   1 |  956.0 |
       Volcano |    127 |    127 |      0 |     22 |      0 |   1 |  127.0 |
               +--------+--------+--------+--------+--------+-----+--------+

Top non-repeatable levels by time:
     D:7: 2066 daAuts
     D:6: 1854 daAuts
     D:9: 1841 daAuts
     D:8: 1771 daAuts
     D:5: 1733 daAuts
    D:12: 1681 daAuts
    D:10: 1564 daAuts
  Lair:2: 1506 daAuts
    D:11: 1396 daAuts
     D:3: 1353 daAuts
  Lair:1: 1204 daAuts
  Lair:3: 1122 daAuts
 Ossuary: 956 daAuts
     D:2: 920 daAuts
     D:4: 762 daAuts
